 Dungeon Crawl Stone Soup version 0.30.0-5-g1a98f26d00 (webtiles) character file.

Game seed: 92248242975780540

87 fozzywoppz the Trooper (level 4, -4/29 HPs)
             Began as a Gargoyle Fighter on May 11, 2023.
             Killed by nerve-wracking pain
             ... invoked by Jessica
              (6 damage)
             ... on level 3 of the Dungeon.
             The game lasted 00:03:43 (1811 turns).

fozzywoppz the Trooper (Gargoyle Fighter)           Turns: 1811, Time: 00:03:43

Health: -4/29      AC: 11    Str: 19    XL:     4   Next: 51%
Magic:  4/4        EV:  9    Int:  9    God:
Gold:   27         SH:  4    Dex: 11    Spells: 3/3 levels left

rFire   . . .        a - +0 flail
rCold   . . .        c - +0 buckler
rNeg    + . .        b - +0 scale mail
rPois   ∞            (no helmet)
rElec   +            o - scarf {repulsion}
rCorr   .            (no gloves)
SInv    .            e - +0 pair of boots
Will    .....        (no amulet) Stlth
                     (no ring)
HPRegen 0.24/turn    (no ring)
MPRegen 0.09/turn

%: repel missiles
@: mighty, slowed, very slow
A: sickness immunity, AC +3, negative energy resistance 1, electricity
resistance, torment resistance 1, petrification resistance
a: no special abilities


You were on level 3 of the Dungeon.
You visited 1 branch of the dungeon, and saw 3 of its levels.

You collected 60 gold pieces.
You spent 33 gold pieces at shops.

Inventory:

Hand Weapons
 a - a +0 flail (weapon)
 j - a +0 mace
Armour
 b - a +0 scale mail (worn)
 c - a +0 buckler (worn)
 e - a +0 pair of boots (worn)
 o - a scarf of repulsion (worn)
Scrolls
 f - a scroll of noise {unknown}
 g - a scroll of identify {unknown}
 i - 2 scrolls of enchant weapon {unknown}
 l - a scroll of vulnerability {unknown}
 n - a scroll of poison {unknown}
 q - a scroll of blinking {unknown}
 r - a scroll of amnesia {unknown}
Potions
 d - 2 potions of might
 h - a potion of flight {unknown}
 m - a potion of ambrosia {unknown}
 p - a potion of berserk rage {unknown}


   Skills:
 + Level 4.0 Fighting
 + Level 3.1 Maces & Flails
 + Level 4.0 Armour
 - Level 0.2 Dodging
 - Level 0.2 Stealth
 + Level 3.6 Shields


You had 3 spell levels left.
You didn't know any spells.
Your spell library contained the following spells:

 Spells                   Type           Power      Damage    Failure   Level
 Frozen Ramparts          Ice            0%         1d1       99%         3
 Ice Form                 Ice/Tmut       0%         N/A       100%        4
 Summon Ice Beast         Ice/Summ       0%         N/A       100%        4
 Blade Hands              Tmut           0%         N/A       100%        5
 Irradiate                Conj/Tmut      0%         3d11      100%        5
 Dragon Form              Tmut           0%         N/A       100%        7


Dungeon Overview and Level Annotations

Branches:
Dungeon (3/15)

Altars:
Xom

Shops:
D:2 [**?

Annotations:
D:3 Jessica


Innate Abilities, Weirdness & Mutations

You are immune to sickness and miasma.
Your stone body is resilient. (AC +3)
You are immune to poison.
You resist negative energy. (rN+)
You are resistant to electric shocks. (rElec)
You are resistant to unholy torment.
You are immune to petrification.


Message History

Natasha is moderately wounded.
Natasha claws you!
The cerulean imp hits you but does no damage.
Unknown command.
You barely miss Natasha.
Natasha is moderately wounded.
Natasha claws you. You block the cerulean imp's attack. Natasha claws you.
* * * LOW HITPOINT WARNING * * *
The cerulean imp hits you but does no damage.
You barely miss Natasha.
Natasha is moderately wounded.
Natasha casts a spell at you.
You feel yourself slow down. You block the cerulean imp's attack.
Unknown command.
Okay, then.
Okay, then.
You feel very mighty all of a sudden. Natasha barely misses you.
The cerulean imp barely misses you.
You sock Natasha!
Natasha is almost dead.
Natasha stares at you and mumbles some strange words.
You feel as though you will be slow longer.
The cerulean imp barely misses you. You block Natasha's attack.
The cerulean imp closely misses you.
Jessica looks very angry.
Natasha casts a spell.
You completely miss Natasha.
Natasha is almost dead.
The cerulean imp hits you with a +2 spear.
* * * LOW HITPOINT WARNING * * *
Natasha claws you.
* * * LOW HITPOINT WARNING * * *
The cerulean imp barely misses you.
You sock Natasha!
You kill Natasha!
Natasha yowls pathetically as she dies!
The cerulean imp disappears in a puff of smoke! x2
Jessica casts a spell at you. Pain shoots through your body!
You die...

### #.. ########
#.# .......######
#.# ...)........#
#§# #..§...8....#
#@# #..≈§..8._..##
#†#
#§.≈≈..8.....###@#
#§.≈≈..8888.....§#
#§.§≈........#####
#.§≈§§.......#
#.§§§≈≈≈≈≈..##
...≈≈≈≈§≈≈..#
#...........#
#............
........####


You could see Jessica (fast).

Vanquished Creatures
  Natasha (D:3)
  3 adders
  A dart slug (D:2)
  2 orcs (D:3)
  9 endoplasms
  A giant cockroach (D:3)
  2 goblins
  5 hobgoblins
  8 jackals
  6 kobolds
  A quokka (D:1)
  6 ball pythons
  2 frilled lizards
  4 rats
51 creatures vanquished.

Notes
Turn   | Place    | Note
-------+----------+-------------------------------------------
     0 | D:1      | fozzywoppz the Gargoyle Fighter began the quest for the
                  | Orb.
     0 | D:1      | Reached XP level 1. HP: 14/14 MP: 1/1
   141 | D:1      | Found a faded altar of an unknown god.
   196 | D:1      | Reached XP level 2. HP: 19/19 MP: 2/2
   411 | D:1      | Reached XP level 3. HP: 24/24 MP: 3/3
   829 | D:2      | Found Uxtod's Magic Scroll Emporium.
   872 | D:2      | Bought a scroll of teleportation for 33 gold pieces
   926 | D:2      | Found Buygeb's General Store.
  1228 | D:2      | Found Cimikkas's General Store.
  1342 | D:2      | Found Onorigh's Armour Boutique.
  1536 | D:3      | Reached XP level 4. HP: 21/29 MP: 4/4
  1653 | D:3      | Found a shimmering altar of Xom.
  1795 | D:3      | Noticed Jessica
  1795 | D:3      | Noticed Natasha
  1810 | D:3      | HP: 1/29 [Natasha (4)]
  1811 | D:3      | Killed Natasha
  1811 | D:3      | Killed from afar by Jessica

Illustrated notes

Levels and vault maps discovered:
D:1:      wander_arrival_estate, layout_basic, basic_ecumenical_altar,
          chequers_big_river
D:2:      layout_loops_ring, serial_shops, nicolae_shop_tiny_glass,
          nicolae_shop_crystal, shop, nicolae_shop_advertising_works
          [nicolae_subvault_shop_adworks], corexii_leaking_fountain,
          hangedman_decor_push, minivault_25
D:3:      layout_loops_ring, mainiacjoe_overflow_chevrons, ashenzari_altar_1,
          uniq_jessica, uniq_natasha

Skill      XL: |  1  2  3  4 |
---------------+-------------+-----
Maces & Flails | 3 |  3.1
Fighting       | 4 |  4.0
Armour         | 4 |  4.0
Dodging        | |  0.2
Stealth        | |  0.2
Shields        | |  3.6

Action                     |  1- 3 |  4- 6 || total
---------------------------+-------+-------++-------
  Melee: Flail             |   144 |    46 ||   190
    Use: Scroll            |       |     1 ||     1
         Potion            |       |     1 ||     1
 Armour: Scale mail        |    85 |    45 ||   130
  Dodge: Dodged            |    88 |    33 ||   121
  Block: Buckler           |    30 |    15 ||    45
